 Dungeon Crawl Stone Soup version 0.20.1-1-g8b1a95d (webtiles) character file.

824 RKaid the Stinger (level 8, -3/52 HPs)
             Began as a Formicid Venom Mage on Aug 2, 2017.
             Was a Believer of Cheibriados.
             Slain by an ice beast (12 damage)
             ... on level 5 of the Dungeon.
             The game lasted 00:23:07 (7180 turns).

RKaid the Stinger (Formicid Venom Mage)             Turns: 7180, Time: 00:23:08

Health: -3/52      AC: 10    Str: 19    XL:     8   Next: 17%
Magic:  13/14      EV: 12    Int: 21    God:    Cheibriados [**....]
Gold:   267        SH:  5    Dex: 19    Spells: 5/15 levels left

rFire    . . .     SeeInvis +   a - +1 flail
rCold    . . .     Gourm    .   E - +0 buckler
rNeg     . . .     Faith    .   u - +0 robe "Xagyuthrai" {rElec MR+ Dex+3}
rPois    .         Spirit   .   (helmet unavailable)
rElec    +         Reflect  .   z - +1 cloak
rCorr    +         Harm     .   n - +2 pair of gloves
MR       +....                  i - +2 pair of boots {Stlth+}
Stlth    +++.......             (no amulet)
Regen    0.2/turn               B - ring of resist corrosion
MPRegen  0.2/turn               (no ring)

@: very slow
A: permanent stasis, dig shafts and tunnels, four strong arms, antennae 3
a: Dig, Shaft Self, Bend Time, Renounce Religion


You were on level 5 of the Dungeon.
You worshipped Cheibriados.
Cheibriados was pleased with you.
You were not hungry.

You visited 1 branch of the dungeon, and saw 5 of its levels.
You also visited: Ossuary.

You collected 499 gold pieces.
You spent 232 gold pieces at shops.

Inventory:

Hand Weapons
 a - a +1 flail (weapon)
   (You took it off a goblin on level 2 of the Dungeon)
 b - a +0 hunting sling
   (You found it on level 1 of the Dungeon)
 f - a +1 hand axe of flaming
   (You found it on level 2 of the Dungeon)
Missiles
 r - 25 stones (quivered)
Armour
 i - a +2 pair of boots of stealth (worn)
   (You bought it in a shop on level 5 of the Dungeon)
 n - a +2 pair of gloves (worn)
   (You found it on level 1 of the Dungeon)
 u - the +0 robe "Xagyuthrai" (worn) {rElec MR+ Dex+3}
   (You found it on level 4 of the Dungeon)

   It affects your dexterity (+3).
   It insulates you from electricity.
   It affects your resistance to hostile enchantments.
 z - a +1 cloak (worn)
   (You found it on level 3 of the Dungeon)
 E - a +0 buckler (worn)
   (You found it on level 5 of the Dungeon)
Jewellery
 B - a ring of resist corrosion (left hand)
   (You found it on level 3 of the Dungeon)
Wands
 D - a wand of lightning (11/15)
   (You found it on level 4 of the Dungeon)
Scrolls
 g - a scroll of fear {unknown}
 m - a scroll of enchant weapon
 o - a scroll of remove curse
 t - a scroll of fog {unknown}
 y - a scroll of immolation {unknown}
 A - a scroll of blinking {unknown}
Potions
 d - 2 potions of flight {unknown}
 e - a potion of agility
 j - 3 potions of invisibility
 k - a potion of magic {unknown}
 l - 5 potions of heal wounds {unknown}
 p - 4 potions of lignification {!q}
 s - 3 potions of curing {unknown}
 C - 2 potions of brilliance {unknown}
 F - 3 potions of berserk rage {unknown}
 G - a potion of cancellation {unknown}
 H - 2 potions of ambrosia {unknown}
Books
 q - a Young Poisoner's Handbook
Comestibles
 c - 5 bread rations
 h - 2 meat rations


   Skills:
 + Level 3.9 Maces & Flails
 - Level 1.7 Dodging
 - Level 2.4 Stealth
 + Level 3.3 Shields
 - Level 4.0 Spellcasting
 - Level 3.0 Conjurations
 + Level 7.5 Poison Magic


You had 5 spell levels left.
You knew the following spells:

 Your Spells              Type           Power        Failure   Level  Hunger
a - Sting                 Conj/Pois      ####         1%          1    None
b - Poisonous Vapours     Pois/Air       ###...       3%          2    #......
c - Mephitic Cloud        Conj/Pois/Air  ###.....     9%          3    ###....
d - Olgreb's Toxic Radia  Pois           #####...     5%          4    ####...


Dungeon Overview and Level Annotations

Branches:
Dungeon (5/15)
 Temple: D:4-7

Altars:
Cheibriados
Nemelex Xobeh
Ru

Shops:
D:5 *

Annotations:
D:3 exclusion: downstairs
D:4 exclusion: Ijyb, Blork the orc; Ijyb; Toogi's ghost, amateur NaIE
D:5 exclusion: upstairs


Innate Abilities, Weirdness & Mutations

You cannot be hasted, slowed, berserked, paralysed or teleported.
You can dig through walls and to a lower floor.
Your four strong arms can wield two-handed weapons with a shield.
You have a pair of large antennae on your head. (SInv)


Message History

The worker ant barely misses you. The worker ant bites you.
You are more poisoned.
The worker ant poisons you!
You hit the worker ant but do no damage.
You feel sick.
You kill the worker ant!
Cheibriados thoroughly appreciates the change of pace.
You start resting.
You feel sick. x16
You are no longer poisoned.
You start resting.
You start waiting.
Done waiting.
Things that are here:
a leopard gecko skeleton; a hound skeleton
Found a stone staircase leading down.
As you open the door, it creaks loudly!
There is an open door here.
Found an escape hatch in the ceiling.
Unknown command.
There is a stone staircase leading down here.
You open the door.
There is an open door here.
There is a stone staircase leading down here.
You see here a pair of boots.
An ice beast comes into view.
Casting: Sting
Confirm with . or Enter, or press ? or * to list all spells.
Aiming: Sting
Press: ? - help, Shift-Dir - straight line, f - ice beast
Aim: an ice beast (resting)
The sting hits the ice beast.
The ice beast appears unharmed.
Casting: Sting
Confirm with . or Enter, or press ? or * to list all spells.
Aiming: Sting
Press: ? - help, Shift-Dir - straight line, f/p - ice beast
Aim: an ice beast The sting hits the ice beast.
The ice beast completely resists.
Casting: Sting
Confirm with . or Enter, or press ? or * to list all spells.
Aiming: Poisonous Vapours
Press: ? - help, Dir - move target cursor, f/p - ice beast
Aim: an ice beast But poisonous clouds would do no harm to the ice beast!
Casting: Poisonous Vapours
Confirm with . or Enter, or press ? or * to list all spells.
Aiming: Poisonous Vapours
Press: ? - help, Dir - move target cursor, f/p - ice beast
Aim: an ice beast But poisonous clouds would do no harm to the ice beast!
Casting: Poisonous Vapours
Confirm with . or Enter, or press ? or * to list all spells.
Aiming: Sting
Press: ? - help, Shift-Dir - straight line, f/p - ice beast
Aim: an ice beast The sting hits the ice beast.
Casting: Sting
Confirm with . or Enter, or press ? or * to list all spells.
Aiming: Sting
Press: ? - help, Shift-Dir - straight line, f/p - ice beast
Aim: an ice beast (lightly wounded)
The sting misses the ice beast.
b - a +0 hunting sling (weapon)
Firing (i - inventory):
r - 26 stones (quivered)
Press: ? - help, Shift-Dir - straight line, f/p - ice beast
Aim: an ice beast (lightly wounded)
You shoot a stone.
The stone hits the ice beast but does no damage.
a - a +1 flail (weapon)
The ice beast hits you. The ice beast freezes you!
You barely miss the ice beast.
The ice beast hits you but does no damage.
You hit the ice beast.
The ice beast hits you but does no damage.
You closely miss the ice beast.
The ice beast hits you but does no damage.
You hit the ice beast but do no damage. You block the ice beast's attack.
You barely miss the ice beast. The ice beast barely misses you.
The ice beast completely misses you.
You barely miss the ice beast. The ice beast barely misses you.
You thump the ice beast! The ice beast closely misses you.
You hit the ice beast but do no damage. The ice beast misses you.
You closely miss the ice beast.
The ice beast hits you but does no damage.
You hit the ice beast. The ice beast hits you. The ice beast freezes you!
The ice beast hits you but does no damage.
You closely miss the ice beast. The ice beast closely misses you.
You hit the ice beast. The ice beast hits you. The ice beast freezes you!
The ice beast hits you but does no damage.
You hit the ice beast. The ice beast closely misses you.
Okay, then.
You closely miss the ice beast. The ice beast hits you.
* * * LOW HITPOINT WARNING * * *
The ice beast freezes you.
* * * LOW HITPOINT WARNING * * *
You completely miss the ice beast.
The ice beast hits you but does no damage.
The ice beast hits you.
* * * LOW HITPOINT WARNING * * *
The ice beast freezes you!
You die...

########## #........# #.######.#
#.######.# ########
#.#...##.####......#
#####.#.#.##...........###
....#.#.#.................
###.#.#.#.......@Y..(.....
......[......####.<....###
###.#.#.#....#............
###+#...#....#.#################
........#....#.#....... ......
.....##.#....#.#..... ....
.....+..#....<.#...#######.#+#
.....####....#.#...#.........#{
.....# #...?#...............#


You could see an ice beast.

Vanquished Creatures
  An orc warrior (D:5)
  A scorpion (D:4)
  4 killer bees (D:5)
  3 crimson imps (D:5)
  2 hounds (D:5)
  2 worker ants
  A big kobold zombie (Ossuary)
  8 mummies (Ossuary)
  Robin (D:3)
  6 adders
  A worm (D:3)
  3 dart slugs
  4 leopard geckos
  9 orcs
  2 ball pythons
  6 giant cockroaches
  2 gnoll zombies (Ossuary)
  10 goblins
  10 hobgoblins
  3 jackals (D:4)
  A quokka (D:3)
  10 bats
  6 frilled lizards
  2 hobgoblin zombies (Ossuary)
  10 kobolds
  3 orc zombies (Ossuary)
  5 rats
116 creatures vanquished.

Notes
Turn   | Place    | Note
-------+----------+-------------------------------------------
     0 | D:1      | RKaid the Formicid Venom Mage began the quest for the Orb.
     0 | D:1      | Reached XP level 1. HP: 13/13 MP: 3/3
     8 | D:1      | Reached skill level 1 in Conjurations
   270 | D:1      | Reached XP level 2. HP: 14/19 MP: 0/5
   892 | D:1      | Reached XP level 3. HP: 24/24 MP: 2/6
  1209 | D:1      | Reached skill level 2 in Conjurations
  1726 | D:2      | Found a snail-covered altar of Cheibriados.
  1943 | D:2      | Reached XP level 4. HP: 30/30 MP: 2/7
  2670 | D:2      | Became a worshipper of Cheibriados the Contemplative
  2715 | D:3      | Reached skill level 5 in Poison Magic
  2761 | D:3      | Learned a level 2 spell: Poisonous Vapours
  2765 | D:3      | Learned a level 3 spell: Mephitic Cloud
  3109 | D:3      | Noticed Robin
  3270 | D:3      | Reached * piety under Cheibriados
  3279 | D:2      | Reached XP level 5. HP: 25/35 MP: 0/9
  3396 | D:3      | Killed Robin
  3447 | D:3      | Reached skill level 3 in Spellcasting
  3568 | D:3      | Reached skill level 3 in Conjurations
  3690 | D:3      | Learned a level 4 spell: Olgreb's Toxic Radiance
  3742 | D:3      | Found a sparkling altar of Nemelex Xobeh.
  4328 | D:4      | Got a smoking robe
  4341 | D:4      | Noticed Blork the orc
  4449 | D:4      | Reached XP level 6. HP: 41/41 MP: 8/11
  4455 | D:4      | Reached skill level 1 in Maces & Flails
  4499 | D:4      | Noticed Ijyb
  4593 | D:4      | Noticed Toogi's ghost (amateur NaIE)
  4661 | D:4      | Found a sacrificial altar of Ru.
  5007 | D:5      | Entered Level 5 of the Dungeon
  5047 | D:5      | Reached ** piety under Cheibriados
  5047 | D:5      | Reached skill level 6 in Poison Magic
  5138 | D:5      | Reached skill level 2 in Maces & Flails
  5153 | D:5      | Noticed an orc warrior
  5181 | D:5      | Reached skill level 4 in Spellcasting
  5181 | D:5      | Reached XP level 7. HP: 23/46 MP: 8/13
  5296 | D:5      | Found a sand-covered staircase.
  5302 | Ossuary  | Entered an ossuary
  5419 | Ossuary  | Reached skill level 1 in Shields
  6175 | D:5      | Identified the cursed +0 robe "Xagyuthrai" {rElec MR+ Dex+3} (You found it on level 4 of the Dungeon)
  6209 | D:5      | Reached skill level 3 in Maces & Flails
  6209 | D:5      | Reached skill level 2 in Shields
  6310 | D:5      | Found Deika Ase's Assorted Antiques.
  6313 | D:5      | Bought a pair of glowing boots for 232 gold pieces
  6333 | D:5      | Reached skill level 7 in Poison Magic
  6378 | D:5      | Reached XP level 8. HP: 44/52 MP: 7/14
  6387 | D:5      | Reached skill level 3 in Shields
  7179 | D:5      | HP: 9/52 [ice beast (6)]
  7180 | D:5      | Slain by an ice beast

Skill      XL: |  1  2  3  4  5  6  7  8 |
---------------+-------------------------+-----
Conjurations   | 1 2 3 |  3.0
Poison Magic   | 5 6 7 |  7.5
Spellcasting   | 3 4 |  4.0
Maces & Flails | 2 3 |  3.9
Shields        | 2 3 |  3.3
Dodging        | |  1.7
Stealth        | |  2.4

Action                   |  1- 3 |  4- 6 |  7- 9 || total
-------------------------+-------+-------+-------++-------
Melee: Dagger            |     9 |    15 |       ||    24
       Flail             |       |    88 |    70 ||   158
       Hand axe          |       |       |    46 ||    46
 Fire: Hunting sling     |       |       |    16 ||    16
 Cast: Sting             |    55 |   129 |    31 ||   215
       Poisonous Vapours |       |       |     2 ||     2
 Abil: Dig               |       |     6 |     1 ||     7
  Use: Scroll            |       |     6 |     4 ||    10
  Eat: Fruit             |     3 |     3 |     4 ||    10
       Chunk             |       |     8 |       ||     8
Armor: Robe              |     2 |     1 |    23 ||    26
       Leather armour    |       |    41 |    14 ||    55
Dodge: Dodged            |     8 |    95 |    71 ||   174
Block: Buckler           |       |       |    22 ||    22

Table legend:
 A = Turns spent in this place as a percentage of turns spent in the entire game.
 B = Non-inter-level travel turns spent in this place as a percentage of non-inter-level travel turns spent in the entire game.
 C = Inter-level travel turns spent in this place as a percentage of turns spent in this place.
 D = Turns resting spent in this place as a percentage of non-inter-level travel turns spent in this place.
 E = Turns spent auto-exploring this place as a percentage of non-inter-level travel turns spent in this place.
 F = Non-inter-level travel turns spent in this place divided by the number of levels of this place that you've seen.
                   A       B       C       D       E      F
               +-------+-------+-------+-------+-------+----------------------
         Total | 100.0 | 100.0 |   0.5 |   8.7 |   5.6 | 290.0
       Dungeon |  83.6 |  83.6 |   0.5 |   9.6 |   6.6 | 290.8
       Ossuary |  16.4 |  16.4 |   0.0 |   4.2 |   0.7 | 286.0
               +-------+-------+-------+-------+-------+----------------------

Table legend:
 A = Kills in this place as a percentage of kills in entire the game.
 B = Kills by you in this place as a percentage of kills by you in the entire game.
 C = Kills by friends in this place as a percentage of kills by friends in the entire game.
 D = Other kills in this place as a percentage of other kills in the entire game.
 E = Experience gained in this place as a percentage of experience gained in the entire game.
 F = Experience gained in this place divided by the number of levels of this place that you have seen.
                   A       B       C       D       E      F
               +-------+-------+-------+-------+-------+----------------------
         Total | 100.0 | 100.0 |  -nan |  -nan | 100.0 | 196.3
       Dungeon |  86.2 |  86.2 |  -nan |  -nan |  84.9 | 200.0
       Ossuary |  13.8 |  13.8 |  -nan |  -nan |  15.1 | 178.0
               +-------+-------+-------+-------+-------+----------------------
